 Dungeon Crawl Stone Soup version 0.19-b1-3-g7dea586 (webtiles) character file.

2669 Ladykiller69 the Carver (level 9, -2/66 HPs)
             Began as a Formicid Fighter on Oct 29, 2016.
             Killed from afar by an electric eel (13 damage)
             ... with a bolt of electricity
             ... on level 8 of the Dungeon.
             The game lasted 00:27:23 (7265 turns).

Ladykiller69 the Carver (Formicid Fighter)          Turns: 7265, Time: 00:27:24

Health: -2/66      AC: 13    Str: 24    XL:     9   Next: 95%
Magic:  9/9        EV:  6    Int:  6    God:
Gold:   253        SH: 11    Dex: 10    Spells: 0 memorised, 8 levels left

rFire  . . .     SeeInvis +     F - +3 great sword
rCold  . . .     Gourm    .     n - +0 plate armour
rNeg   . . .     Faith    .     c - +0 shield
rPois  .         Spirit   .     (helmet unavailable)
rElec  .         Reflect  .     (no cloak)
rCorr  .         Harm     .     j - +0 pair of gloves
MR     .....                    (no boots)
Stlth  ..........               (no amulet)
                                (no ring)
                                (no ring)

@: no status effects
A: permanent stasis, dig shafts and tunnels, four strong arms, antennae 3,
talons 1, dopey 1
a: Dig, Shaft Self


You were on level 8 of the Dungeon.
You were hungry.

You visited 2 branches of the dungeon, and saw 9 of its levels.

You collected 253 gold pieces.

Inventory:

Hand Weapons
 a - a +0 long sword
 F - a +3 great sword (weapon)
 L - a +1 long sword of flaming
Missiles
 m - 305 stones (quivered)
 p - 3 tomahawks
 v - a throwing net
Armour
 b - a +0 scale mail
 c - a +0 shield (worn)
 j - a +0 pair of gloves (worn)
 n - a +0 plate armour (worn)
 B - the +2 robe of the Volcano {Str+6}
   (You found it on level 4 of the Dungeon)

   It affects your strength (+6).
Jewellery
 e - an uncursed ring of resist corrosion {unknown}
 y - an uncursed ring of flight {unknown}
 K - a +2 amulet of reflection {unknown}
Wands
 E - a wand of flame (23/48)
Scrolls
 h - 3 scrolls of fear {unknown}
 l - 8 scrolls of remove curse {unknown}
 o - a scroll of noise {unknown}
 r - a scroll of recharging {unknown}
 s - a scroll of enchant weapon {unknown}
 t - 3 scrolls of enchant armour {unknown}
 A - 7 scrolls of identify {unknown}
 I - 2 scrolls of amnesia {unknown}
 J - a scroll of immolation {unknown}
Potions
 i - a potion of degeneration
 k - a potion of magic {unknown}
 q - a potion of haste
 w - a potion of lignification
 x - a potion of curing
 z - a potion of ambrosia {unknown}
 C - a potion of cancellation {unknown}
 G - 2 potions of heal wounds {unknown}
 H - a potion of flight {unknown}
Comestibles
 d - 2 chunks of flesh
 f - 3 bread rations
 g - a royal jelly
 u - 3 meat rations
 D - 7 fruits


   Skills:
 + Level 4.4 Fighting
 * Level 10.3 Long Blades
 + Level 4.5 Armour
 - Level 9.0 Shields


You had 8 spell levels left.
You didn't know any spells.

Dungeon Overview and Level Annotations

Branches:
Dungeon (8/15)             Temple (1/1) D:6
   Lair: D:8-11

Altars:
Dithmenos
Elyvilon
Fedhas
Gozag
Hepliaklqana
Nemelex Xobeh
Okawaru
Qazlal
Ru
Sif Muna
Trog
Uskayaw
Vehumet

Annotations:
D:1 dig 4 javelins
D:3 tyranidshit's ghost, amateur DsAK


Innate Abilities, Weirdness & Mutations

You are under a permanent stasis effect.
You can dig through walls and to a lower floor.
Your four strong arms can wield two-handed weapons with a shield.
You have a pair of large antennae on your head. (SInv)
You have sharp toenails.
You are dopey. (Int -2)


Message History

The bolt of electricity hits the electric eel.
The electric eel completely resists.
The electric eel shoots out a bolt of lightning at you!
The bolt of electricity hits you! x2
The bolt of electricity hits the electric eel.
The electric eel completely resists.
The electric eel shoots out a bolt of lightning at you!
The bolt of electricity hits you!
* * * LOW HITPOINT WARNING * * *
You closely miss the electric eel. You claw the electric eel.
The electric eel is lightly wounded.
The electric eel shoots out a bolt of lightning at you!
The bolt of electricity hits you!
* * * LOW HITPOINT WARNING * * *
The iguana bites you but does no damage.
You miss the electric eel. Your kick misses the electric eel.
The electric eel is lightly wounded.
The electric eel shoots out a bolt of lightning at you!
The bolt of electricity hits you!
You die...

..
#...##..........#.#
#............#.# #
##..........##.#
##.........# #
##...#...## .#
#......##.## #.# #
##.....##..##..#..#
........#..........
......#..#.@..≈.....
..#.#......l;≈≈≈...#
..##......Z≈≈≈≈...
....##..≈≈≈≈≈≈..
.##. ...≈≈≈≈≈≈.# #
#...≈≈≈≈.≈.#
##...≈.....#
#.........#


You could see an iguana, an electric eel and a hound zombie.

Vanquished Creatures
  A polar bear (D:8)
  A hippogriff (D:7)
  Eustachio (D:6)
  3 ice beasts
  2 sky beasts
  3 ogres
  4 bullfrogs
  5 wights (D:6)
  A bullfrog zombie (D:6)
  2 crimson imps
  6 hounds
  3 jellies
  4 orc wizards
  2 orc priests
  6 worker ants
  2 hound zombies (D:5)
  A worker ant zombie (D:5)
  6 adders
  A shadow imp (D:3)
  A white imp (D:8)
  An ufetubus (D:8)
  An ooze (D:6)
  2 adder skeletons
  7 dart slugs
  A worm (D:2)
  7 leopard geckos
  13 orcs
  18 giant cockroaches
  9 goblins
  11 hobgoblins
  19 jackals
  5 quokkas
  2 ball pythons
  A ball python skeleton (D:4)
  11 bats
  10 frilled lizards
  10 kobolds
  A leopard gecko skeleton (D:6)
  A quokka skeleton (D:6)
  A quokka zombie (D:6)
  6 rats
192 creatures vanquished.

Notes
Turn   | Place    | Note
-------+----------+-------------------------------------------
     0 | D:1      | Ladykiller69 the Formicid Fighter began the quest for the Orb.
     0 | D:1      | Reached XP level 1. HP: 18/18 MP: 1/1
     8 | D:1      | Noticed a centaur
    71 | D:1      | Reached XP level 2. HP: 24/24 MP: 2/2
   398 | D:1      | Reached XP level 3. HP: 22/29 MP: 3/3
   600 | D:2      | Reached skill level 3 in Long Blades
   797 | D:2      | Reached XP level 4. HP: 33/35 MP: 4/4
   935 | D:2      | You fall through a shaft!
  1411 | D:2      | Reached XP level 5. HP: 41/42 MP: 5/5
  1867 | D:3      | Found a radiant altar of Vehumet.
  1867 | D:3      | Found a bloodstained altar of Trog.
  1932 | D:3      | Noticed tyranidshit's ghost (amateur DsAK)
  2893 | D:4      | Reached skill level 4 in Long Blades
  2958 | D:4      | Noticed an ice beast
  2979 | D:4      | Got a faintly glowing robe
  3002 | D:5      | Entered Level 5 of the Dungeon
  3014 | D:5      | Identified the +2 robe of the Volcano {Str+6} (You found it on level 4 of the Dungeon)
  3106 | D:5      | Reached XP level 6. HP: 48/48 MP: 6/6
  3219 | D:5      | Noticed an ice beast
  3236 | D:5      | Killed an ice beast
  3236 | D:5      | Reached skill level 5 in Long Blades
  3236 | D:5      | Reached skill level 5 in Shields
  3412 | D:5      | Found a white marble altar of Elyvilon.
  3487 | D:5      | Gained mutation: You are dopey. (Int -2) [potion of mutation]
  3487 | D:5      | Gained mutation: You have sharp toenails. [potion of mutation]
  3507 | D:5      | Reached XP level 7. HP: 26/54 MP: 7/7
  3920 | D:5      | Reached skill level 6 in Long Blades
  4476 | D:5      | Reached XP level 8. HP: 60/60 MP: 8/8
  4927 | D:6      | Reached skill level 7 in Long Blades
  5119 | D:6      | Noticed Eustachio
  5164 | D:6      | Killed Eustachio
  5164 | D:6      | Reached skill level 8 in Long Blades
  5462 | D:6      | Reached XP level 9. HP: 48/65 MP: 9/9
  5558 | D:6      | Found a staircase to the Ecumenical Temple.
  5705 | Temple   | Entered the Ecumenical Temple
  6072 | D:7      | Noticed a hippogriff
  6120 | D:6      | Reached skill level 9 in Long Blades
  6367 | D:7      | Killed a hippogriff
  6773 | D:7      | Reached skill level 10 in Long Blades
  7173 | D:8      | Found an opulent altar of Gozag.
  7204 | D:8      | Noticed a polar bear
  7215 | D:8      | Killed a polar bear
  7265 | D:8      | Killed from afar by an electric eel

Skill      XL: |  1  2  3  4  5  6  7  8  9 |
---------------+----------------------------+-----
Long Blades    | 3 4 5 6 8 10 | 10.3
Shields        | 4 5 6 7 9 |  9.0
Armour         | 4 |  4.5
Fighting       | 4 |  4.4

Action                   |  1- 3 |  4- 6 |  7- 9 || total
-------------------------+-------+-------+-------++-------
Melee: Long sword        |   116 |   283 |   300 ||   699
       Kick              |       |       |   100 ||   100
       Great sword       |       |       |    81 ||    81
Throw: Stone             |       |       |    11 ||    11
 Abil: Dig               |       |     2 |    11 ||    13
  Use: Potion            |       |     4 |     2 ||     6
  Eat: Chunk             |       |     9 |    12 ||    21
       Beef jerky        |       |       |     1 ||     1
Armor: Scale mail        |    67 |   107 |    93 ||   267
       Skin              |       |    28 |    21 ||    49
       Plate armour      |       |       |    15 ||    15
Dodge: Dodged            |    34 |    84 |   104 ||   222
Block: Shield            |    70 |   153 |   211 ||   434
       Rpst.: Long sword |    10 |    26 |    17 ||    53
       Great sword       |       |       |     7 ||     7
